 Dungeon Sprint DCSS version 0.16-a0-3807-g3748f16 (console) character file.

314 Monkaria the Carver (level 6, -1/63 HPs)
             Began as a Hill Orc Fighter on Jan 27, 2015.
             Was a Follower of Makhleb.
             Slain by a hill giant
             ... wielding a cursed -1 giant club
              (18 damage)
             ... in the Dungeon (Sprint IX: "|||||||||||||||||||||||||||||").
             The game lasted 00:01:11 (402 turns).

Monkaria the Carver (Hill Orc Fighter)               Turns: 402, Time: 00:01:11

Health: -1/63      AC:  8    Str: 24    XL:     6   Next: 43%
Magic:  6/6        EV:  8    Int: 11    God:    Makhleb [*.....]
Gold:   0          SH:  9    Dex: 10    Spells: 0 memorised, 5 levels left

rFire  . . .     SeeInvis .     p - +2 scimitar (flame)
rCold  . . .     Clarity  .     r - +2 ring mail
rNeg   . . .     SustAb   .     c - +0 shield
rPois  .         Gourm    .     (no helmet)
rElec  .         Spirit   .     (no cloak)
rCorr  .         Warding  .     (no gloves)
rMut   .         NoTele   +     q - +0 pair of boots
MR     .....                    (no amulet)
Stlth  ..........               t - +3 ring of strength
                                s - +3 ring of intelligence

@: not resistant to hostile enchantments, extremely unstealthy
A: no striking features
a: Renounce Religion


You were in the Dungeon.
You worshipped Makhleb.
Makhleb was aware of your devotion.
You were not hungry.

You visited 1 branch

Inventory:

Hand weapons
 p - a +2 scimitar of flaming (weapon)
Armour
 c - a +0 shield (worn)
 q - a +0 pair of boots (worn)
 r - a +2 ring mail (worn)
Jewellery
 s - a +3 ring of intelligence (left hand)
 t - a +3 ring of strength (right hand)
Magical devices
 o - a wand of cold (6)
Scrolls
 k - 2 scrolls of blinking
 m - 3 scrolls of remove curse
 n - 2 scrolls of amnesia
Potions
 e - a potion of might
 f - 5 potions of curing
 g - 3 potions of heal wounds
 h - a potion of haste
 i - 4 potions of magic
 j - a potion of berserk rage
 l - a potion of invisibility
Comestibles
 d - a meat ration


   Skills:
 - Level 9.0 Fighting
 * Level 12.1 Long Blades
 - Level 3.2 Armour
 - Level 3.2 Shields


You had 5 spell levels left.
You didn't know any spells.

Dungeon Overview and Level Annotations

Branches:
Dungeon (1/1)

Altars:
Cheibriados
Dithmenos
Elyvilon
Fedhas
Gozag
Kikubaaqudgha
Makhleb
Nemelex Xobeh
Okawaru
Qazlal
Ru
Sif Muna
Trog
Vehumet
Xom
Yredelemnul
Zin
The Shining One
Beogh
Jiyva
Lugonu


Message History

You hit the necrophage. You burn the necrophage.
The necrophage is severely damaged.
The necrophage hits you.
You slash the necrophage! You burn the necrophage.
You destroy the necrophage!
Makhleb accepts your kill.
Your Long Blades skill gained 2 levels and is now at level 12!
You barely miss the hill giant.
The hill giant is lightly wounded.
The hill giant closely misses you.
You slash the hill giant! You burn the hill giant.
The hill giant is moderately wounded.
Your shield and ring mail prevent you from hitting the hill giant.
The hill giant is moderately wounded.
The hill giant hits you with a giant club!!
* * * LOW HITPOINT WARNING * * *
You slash the hill giant! You burn the hill giant.
The hill giant is heavily wounded.
The hill giant hits you with a giant club!!
You die... ▓▓▓▓▓▓▓▓▓▓▓▓▓▓▓▓▓▓▓▓▓▓▓▓ ______'..().[..(@Ch....+ ▓▓▓▓▓▓▓▓▓▓▓▓▓▓▓▓▓▓▓▓▓▓▓▓

You could see a hill giant and a hound.

Vanquished Creatures
  A centaur (D)
  A necrophage (D)
  A giant frog (D)
  A crimson imp (D)
  An orc wizard (D)
  An adder skeleton (D)
  An ooze (D)
  A giant cockroach (D)
  A hobgoblin (D)
  A jackal (D)
  A kobold (D)
  A giant gecko (D)
  2 rats (D)
14 creatures vanquished.

Notes
Turn   | Place    | Note
--------------------------------------------------------------
     0 | D        | Monkaria, the Hill Orc Fighter, began the quest for the Orb.
     0 | D        | Reached XP level 1. HP: 19/19 MP: 1/1
    14 | D        | Reached skill level 4 in Fighting
    29 | D        | Reached XP level 2. HP: 21/28 MP: 2/2
   100 | D        | Noticed an orc wizard
   119 | D        | Killed an orc wizard
   119 | D        | Reached skill level 5 in Fighting
   119 | D        | Reached skill level 5 in Long Blades
   119 | D        | Reached XP level 3. HP: 9/36 MP: 3/3
   123 | D        | Reached skill level 6 in Long Blades
   147 | D        | Found a glowing silver altar of Zin.
   147 | D        | Found a glowing golden altar of the Shining One.
   147 | D        | Found an ancient bone altar of Kikubaaqudgha.
   147 | D        | Found a basalt altar of Yredelemnul.
   147 | D        | Found a shimmering altar of Xom.
   147 | D        | Found a radiant altar of Vehumet.
   147 | D        | Found an iron altar of Okawaru.
   148 | D        | Found a burning altar of Makhleb.
   149 | D        | Found a deep blue altar of Sif Muna.
   150 | D        | Found a bloodstained altar of Trog.
   151 | D        | Found a sparkling altar of Nemelex Xobeh.
   152 | D        | Found a white marble altar of Elyvilon.
   153 | D        | Found a roughly hewn altar of Beogh.
   154 | D        | Found a viscous altar of Jiyva.
   155 | D        | Found a corrupted altar of Lugonu.
   156 | D        | Found a blossoming altar of Fedhas.
   157 | D        | Became a worshipper of Makhleb the Destroyer
   158 | D        | Found a snail-covered altar of Cheibriados.
   159 | D        | Found a shadowy altar of Dithmenos.
   160 | D        | Found a stormy altar of Qazlal.
   161 | D        | Found an opulent altar of Gozag.
   162 | D        | Found a sacrificial altar of Ru.
   381 | D        | Noticed a centaur
   381 | D        | Noticed a giant frog
   381 | D        | Noticed a crimson imp
   381 | D        | Noticed a necrophage
   381 | D        | Noticed a hill giant
   381 | D        | Noticed a hound
   382 | D        | Killed a crimson imp
   382 | D        | Reached skill level 7 in Long Blades
   382 | D        | Reached XP level 4. HP: 43/45 MP: 4/4
   387 | D        | Killed a centaur
   387 | D        | Reached skill level 8 in Fighting
   387 | D        | Reached skill level 9 in Long Blades
   387 | D        | Reached XP level 5. HP: 45/53 MP: 5/5
   392 | D        | Killed a giant frog
   392 | D        | Acquired Makhleb's first power
   392 | D        | Reached skill level 10 in Long Blades
   392 | D        | Reached XP level 6. HP: 40/63 MP: 6/6
   398 | D        | Killed a necrophage
   398 | D        | Reached skill level 12 in Long Blades
   402 | D        | Slain by a hill giant

Action                   |  1- 3 |  4- 6 || total
-------------------------+-------+-------++-------
Melee: Long sword        |    58 |       ||    58
       Scimitar          |       |    19 ||    19
Evoke: Wand              |       |     1 ||     1
